AoeStats
← Radu029

Arabia

506505847Analyzed
1v1 RM · 19d ago on Sep 13, 2026· 84m 9s· 2 players
Game mode
Random Map
Map size
Tiny (2 player)
Population
200
Speed
Normal
Resources
Standard
Victory
Conquest
Starting age
Dark Age
Ending age
Imperial Age
RankedLock teamsTeams togetherTeam positionsShared explorationLock speedFull tech treeHidden civsTurbo modeCheats
Victory
Defeat
🇺🇸 Portuguese · United States
189
+12
🇷🇴 Huns · Romania
96
-12
Radu029
0:39 Loom
13:07 Feudal Age
13:33 Double-Bit Axe
19:28 Wheelbarrow
20:26 Scale Barding Armor
24:59 Castle Age
23:27 Stone Mining
23:56 Gold Mining
23:50 Horse Collar
25:16 Forging
29:06 Bow Saw
29:34 Gold Shaft Mining
30:28 Husbandry
31:32 Chain Barding Armor
33:47 Iron Casting
33:43 Ballistics
37:13 Hand Cart
39:32 Heavy Plow
43:58 Imperial Age
45:38 Cavalier
47:22 Chemistry
46:59 Plate Barding Armor
47:25 Blast Furnace
47:32 Paladin
48:23 Light Cavalry
49:54 Bloodlines
49:17 Hussar
59:21 Padded Archer Armor
59:11 Fletching
60:58 Heavy Cavalry Archer
61:49 Elite Skirmisher
63:46 Parthian Tactics
64:10 Leather Archer Armor
63:50 Bodkin Arrow
64:29 Crossbowman
65:15 Thumb Ring
67:45 Bracer
72:33 Man-at-Arms
74:33 Long Swordsman
75:21 Scale Mail Armor
75:52 Two-Handed Swordsman
76:39 Squires
76:00 Pikeman
77:11 Chain Mail Armor
Kelonious
5:17 Loom
11:58 Feudal Age
12:26 Double-Bit Axe
12:40 Horse Collar
14:36 Wheelbarrow
21:36 Castle Age
23:08 Hand Cart
25:13 Forging
25:09 Scale Barding Armor
25:58 Bloodlines
27:17 Husbandry
34:11 Bow Saw
34:04 Heavy Plow
35:26 Murder Holes
35:14 Treadmill Crane
35:46 Masonry
35:59 Ballistics
40:11 Imperial Age
38:07 Pikeman
38:44 Arson
39:44 Iron Casting
39:11 Scale Mail Armor
39:03 Fletching
42:23 Arquebus
42:48 Conscription
42:50 Stone Mining
42:56 Gold Mining
43:45 Cavalier
46:17 Two-Man Saw
45:52 Crop Rotation
46:29 Blast Furnace
45:51 Chain Barding Armor
45:28 Bodkin Arrow
45:50 Chain Mail Armor
45:39 Padded Archer Armor
46:05 Elite Organ Gun
48:41 Halberdier
51:22 Chemistry
51:57 Stone Shaft Mining
52:18 Plate Barding Armor
52:14 Plate Mail Armor
51:46 Bracer
52:02 Leather Archer Armor
Connection lost

Rejoining the realm…

Still unreachable

The connection could not be restored.

Session expired

The server has moved on; the page needs a fresh start.